 Dungeon Crawl Stone Soup version 0.26-a0-964-g69f9a3b9e2 (webtiles) character file.

Game seed: 13527793815033804206

15 siradein the Slasher (level 2, -7/24 HPs)
             Began as a Demonspawn Chaos Knight on Dec 3, 2020.
             Was a Plaything of Xom.
             Mangled by a gnoll (12 damage)
             ... on level 2 of the Dungeon.
             The game lasted 00:02:21 (285 turns).

siradein the Slasher (Demonspawn Chaos Knight)       Turns: 285, Time: 00:02:21

Health: -7/24      AC:  5    Str: 12    XL:     2   Next: 34%
Magic:  2/2        EV: 11    Int: 13    God:    Xom [..*...]
Gold:   16         SH:  0    Dex: 12    Spells: 1/1 levels left

rFire    . . .     SeeInvis .   a - +0 falchion (chaos)
rCold    . . .     Faith    .   (no shield)
rNeg     . . .     Spirit   .   b - +2 leather armour
rPois    .         Reflect  .   (no helmet)
rElec    .         Harm     .   (no cloak)
rCorr    .         Rampage  .   (no gloves)
MR       .....                  (no boots)
Stlth    +.........             (no amulet)
HPRegen  0.08/turn              (no ring)
MPRegen  0.08/turn              (no ring)

@: no status effects
A: claws 1
a: Renounce Religion


You were on level 2 of the Dungeon.
You worshipped Xom.
You were a toy of Xom.
You visited 1 branch of the dungeon, and saw 2 of its levels.

You collected 16 gold pieces.

Inventory:

Hand Weapons
 a - a +0 falchion of chaos (weapon)
Armour
 b - a +2 leather armour (worn)
Scrolls
 c - a scroll of remove curse {unknown}
 d - a scroll of identify {unknown}
Potions
 e - 2 potions of magic {unknown}


   Skills:
 - Level 3.0 Fighting
 + Level 3.4 Long Blades
 - Level 1.7 Armour
 - Level 0.8 Dodging


You had one spell level left.
You didn't know any spells.
Your spell library was empty.

Dungeon Overview and Level Annotations

Branches:
Dungeon (1/15)

Altars:


Innate Abilities, Weirdness & Mutations

You have sharp fingernails.


Message History

You hit the gnoll but do no damage.
The gnoll is poisoned.
The gnoll closely misses you. The gnoll misses your butterfly.
You hit the gnoll. Lightning courses through the gnoll!
You kill the gnoll!
The gnoll closely misses your butterfly.
You have reached level 2!
Your demonic ancestry asserts itself...
Your fingernails lengthen.
You hit the gnoll.
The gnoll goes berserk!
The gnoll is heavily wounded.
The gnoll hits you!
* * * LOW HITPOINT WARNING * * *
The gnoll closely misses your butterfly.
The gnoll hits you but does no damage. The gnoll misses your butterfly.
You closely miss the gnoll.
The gnoll is heavily wounded.
The gnoll looks more healthy.
The gnoll hits you!
Ouch! That really hurt!
You die...
Xom chuckles heartily!

####### ##.
#.@g.b# ....
#.###g#####....
#. #..........
.. ###........
.#. #..##....
#... #..# .. #
## #g.# #g.#
#g.#


You could see 2 gnolls.

Vanquished Creatures
  A gnoll (D:2)
  A bat (D:1)
  A hobgoblin (D:1)
  2 jackals (D:1)
5 creatures vanquished.

Notes
Turn   | Place    | Note
-------+----------+-------------------------------------------
     0 | D:1      | siradein the Demonspawn Chaos Knight began the quest for
                  | the Orb.
     0 | D:1      | Reached XP level 1. HP: 18/18 MP: 1/1
    72 | D:1      | XOM: silly message
   188 | D:1      | XOM: divination: magic mapping
   202 | D:1      | XOM: silly message
   238 | D:1      | XOM: silly message
   265 | D:1      | You fall into a shaft and drop 1 floor!
   275 | D:2      | XOM: butterfly on damage
   284 | D:2      | Gained mutation: You have sharp fingernails. [demonic
                  | ancestry]
   284 | D:2      | Reached XP level 2. HP: 13/24 MP: 2/2
   285 | D:2      | Mangled by a gnoll

Illustrated notes

Levels and vault maps discovered:
D:1:      lemuel_arrival_room, layout_basic
D:2:      layout_loops_ring, chequers_arboretum, chequers_serial_rivers_small_a,
          uniq_jessica

Skill      XL: |  1 |
---------------+----+-----
Long Blades    | 3 |  3.4
Fighting       | |  3.0
Armour         | |  1.7
Dodging        | |  0.8

Action                   || total
-------------------------++-------
Melee: Falchion          ||    27
Armor: Leather armour    ||    20
Dodge: Dodged            ||    19
       Rpst.: Falchion   ||     6

Table legend: (Time is in decaauts)
 A = Elapsed time spent in this place.
 B = Non-inter-level travel time spent in this place.
 C = Inter-level travel time spent in this place.
 D = Time resting spent in this place.
 E = Time spent auto-exploring this place.
 F = Levels seen in this place.
 G = Mean time per level.
                   A        B        C        D        E       F      G
               +--------+--------+--------+--------+--------+-----+--------+
         Total |    288 |    288 |      0 |      0 |    232 |   2 |  144.0 |
       Dungeon |    288 |    288 |      0 |      0 |    232 |   2 |  144.0 |
               +--------+--------+--------+--------+--------+-----+--------+

Top non-repeatable levels by time:
     D:1: 267 daAuts
     D:2: 20 daAuts
